 Dungeon Crawl Stone Soup version 0.31-a0-746-ge8284cb111 (webtiles) character file.

Game seed: 17635463531012019616

6250 Gargoyl the Cleaver (level 10, -7/96 HPs)
             Began as a Gargoyle Berserker on Sept 14, 2023.
             Was a Believer of Trog.
             Mangled by a red ugly thing (14 damage)
             ... on level 8 of the Dungeon.
             The game lasted 00:10:25 (7182 turns).

Gargoyl the Cleaver (Gargoyle Berserker)            Turns: 7182, Time: 00:10:25

Health: -7/96      AC: 26    Str: 22    XL:     10   Next: 93%
Magic:  19/19      EV: 12    Int:  7    God:    Trog [**....]
Gold:   425        SH:  5    Dex: 13    Spells: 9/9 levels left

rFire   . . .        y - +2 war axe (heavy)
rCold   + . .        d - +0 buckler
rNeg    + . .        p - +6 scale mail of Ygalikhli {+Blink Stlth+}
rPois   ∞            (no helmet)
rElec   +            i - +0 cloak {rCorr}
rCorr   +            g - +1 pair of gloves
SInv    .            k - +0 pair of boots
Will    ++...        h - amulet of magic regeneration Stlth
                     f - ring of magical power
HPRegen 1.36/turn    s - ring of protection from cold
MPRegen 0.56/turn

%: no passive effects
@: berserking, strong-willed, regenerating, very quick
A: sickness immunity, AC +7, negative energy resistance 1, electricity
resistance, torment resistance 1, petrification resistance, claws 1, fangs 1
a: Renounce Religion, Evoke Blink, Berserk, Trog's Hand


You were on level 8 of the Dungeon.
You worshipped Trog.
Trog was pleased with you.
You visited 1 branch of the dungeon, and saw 8 of its levels.

You collected 425 gold pieces.

Inventory:

Hand Weapons
 a - a +0 heavy hand axe
 v - a +4 spear
 y - a +2 heavy war axe (weapon)
Missiles
 b - 13 poisoned darts (quivered)
 l - a throwing net
Armour
 d - a +0 buckler (worn)
 g - a +1 pair of gloves (worn)
 i - a +0 cloak of preservation (worn)
 k - a +0 pair of boots (worn)
 p - the +6 scale mail of Ygalikhli (worn) {+Blink Stlth+}
   (You found it on level 5 of the Dungeon)

   +Blink:    It lets you blink.
   Stlth+:    It makes you more stealthy.
Jewellery
 f - a ring of magical power (left hand)
 h - an amulet of magic regeneration (around neck)
 s - a ring of protection from cold (right hand)
Wands
 x - a wand of iceblast (20)
 B - a wand of charming (7)
Scrolls
 c - 3 scrolls of immolation
 o - a scroll of noise {unknown}
 q - 3 scrolls of teleportation
 r - a scroll of vulnerability
Potions
 e - a potion of magic
 j - 2 potions of lignification
 m - 3 potions of might
 n - a potion of enlightenment {unknown}
 t - a potion of haste {unknown}
 u - a potion of curing {unknown}
 w - a potion of heal wounds {unknown}
 z - a potion of mutation
 A - a potion of brilliance {unknown}


   Skills:
 + Level 7.9 Fighting
 + Level 10.0 Axes
 + Level 1.0 Throwing
 + Level 7.9 Armour
 + Level 5.5 Dodging
 + Level 2.6 Stealth
 + Level 3.6 Shields


You had 9 spell levels left.
You didn't know any spells.
Your spell library was empty.

Dungeon Overview and Level Annotations

Branches:
Dungeon (8/15)             Temple (0/1) D:7
   Lair: D:8-11

Altars:
Cheibriados
Elyvilon
Hepliaklqana
Okawaru
Xom


Innate Abilities, Weirdness & Mutations

You are immune to sickness and miasma.
Your stone body is resilient. (AC +7)
You are immune to poison.
You resist negative energy. (rN+)
You are resistant to electric shocks. (rElec)
You are resistant to unholy torment.
You are immune to petrification.
You have sharp fingernails.
You have very sharp teeth.


Message History

You slash the yak! The yak gores you.
Unknown command.
Your skin stops crawling.
You feel less strong-willed.
Unknown command.
The yak attacks as it pursues you! The yak gores you but does no damage.
You open the yak like a pillowcase!!!
You kill the yak!
Trog accepts your kill.
Your Axes skill increases to level 10!
You see here a yak corpse.
A red ugly thing comes into view.
A red ugly thing is nearby!
A red ugly thing is nearby!
The red ugly thing gurgles horribly!
You block the red ugly thing's attack.
You barely miss the red ugly thing. Your bite misses the red ugly thing.
The red ugly thing gores you!
You are engulfed in flames!
You hit the red ugly thing. You bite the red ugly thing.
The red ugly thing is lightly wounded.
The red ugly thing barely misses you. The red ugly thing closely misses you.
You slash the red ugly thing!
The red ugly thing is lightly wounded.
The red ugly thing barely misses you.
Unknown command.
Your skin crawls.
You feel strong-willed.
The red ugly thing gores you but does no damage.
A red film seems to cover your vision as you go berserk!
You feel yourself moving faster!
You feel mighty! The red ugly thing gores you.
You are engulfed in flames!!
* * * LOW HITPOINT WARNING * * *
You barely miss the red ugly thing.
The red ugly thing is lightly wounded.
The red ugly thing closely misses you.
You slash the red ugly thing!
The red ugly thing is moderately wounded.
The red ugly thing gores you!
* * * LOW HITPOINT WARNING * * *
You are engulfed in flames!
You die...

..#.# ###########.#
..#.# .# #.. )..(###
##. ## #.# ..#...#
.. ..# ###
#####.####.# ##.#
#..# # #......#
...#....# #
##.#########.##....#
#
#..#.......u......#
#
##.........@......#
# ###..............#
#######†....)..#
#....)...#
########## ## .#


You could see a red ugly thing.

Vanquished Creatures
  2 two-headed ogres (D:8)
  A cyclops (D:8)
  Joseph (D:7)
  A troll (D:8)
  A hornet (D:8)
  Sigmund (D:3)
  3 yaks (D:8)
  2 steam dragons
  5 water moccasins
  Duvessa (D:5)
  2 orc warriors (D:7)
  A sky beast (D:8)
  3 black bears
  An ogre (D:5)
  2 phantoms
  A kobold brigand (D:8)
  2 gnoll sergeants
  2 scorpions
  2 bullfrogs (D:8)
  4 wights (D:7)
  Dowan (D:5)
  2 jellies
  A killer bee (D:8)
  A howler monkey (D:8)
  3 gnoll boudas (D:7)
  4 hounds
  3 orc priests (D:7)
  Crazy Yiuf (D:2)
  An iguana (D:5)
  4 orc wizards
  7 adders
  24 gnolls
  A shadow imp (D:6)
  2 white imps
  A worm (D:4)
  2 dart slugs
  13 orcs
  4 bats
  7 endoplasms
  7 giant cockroaches
  10 goblins
  2 hobgoblins
  11 jackals
  12 kobolds
  A quokka (D:1)
  12 ball pythons
  A frilled lizard (D:3)
  3 rats
179 creatures vanquished.

Notes
Turn   | Place    | Note
-------+----------+-------------------------------------------
     0 | D:1      | Gargoyl the Gargoyle Berserker began the quest for the Orb.
     0 | D:1      | Reached XP level 1. HP: 14/14 MP: 1/1
   133 | D:2      | Reached XP level 2. HP: 13/19 MP: 2/2
   219 | D:2      | Identified the +1 whip "Jellybane" {venom, rC+ Will+}
   270 | D:2      | Found a faded altar of an unknown god.
   411 | D:2      | Reached skill level 3 in Axes
   445 | D:2      | Reached XP level 3. HP: 23/23 MP: 3/3
   649 | D:1      | Reached ** piety under Trog
  1269 | D:2      | Found an iron altar of Okawaru.
  1404 | D:2      | Gained mutation: You have very sharp teeth. [potion of
                  | mutation]
  1404 | D:2      | Gained mutation: You have sharp fingernails. [potion of
                  | mutation]
  1419 | D:2      | Found Zyshoj Fula's Book Shoppe.
  1541 | D:2      | Reached XP level 4. HP: 29/29 MP: 4/4
  1778 | D:2      | Found a runed translucent door.
  1779 | D:2      | Noticed Crazy Yiuf
  1786 | D:2      | Killed Crazy Yiuf
  1982 | D:3      | Reached XP level 5. HP: 28/33 MP: 5/5
  2008 | D:3      | Found a shimmering altar of Xom.
  2089 | D:3      | Noticed Sigmund
  2096 | D:3      | Killed Sigmund
  2097 | D:3      | Reached skill level 4 in Axes
  2097 | D:3      | Reached XP level 6. HP: 38/38 MP: 6/6
  2853 | D:4      | Noticed a black bear
  2864 | D:4      | Killed a black bear
  2865 | D:4      | Reached skill level 1 in Stealth
  2867 | D:4      | Reached skill level 5 in Axes
  2867 | D:4      | Reached XP level 7. HP: 30/43 MP: 7/7
  3836 | D:5      | Entered Level 5 of the Dungeon
  4005 | D:5      | Identified the +6 scale mail of Ygalikhli {+Blink Stlth+}
  4090 | D:5      | Reached skill level 5 in Fighting
  4167 | D:5      | Noticed Duvessa
  4167 | D:5      | Noticed Dowan
  4176 | D:5      | Killed Duvessa
  4177 | D:5      | Reached skill level 6 in Axes
  4177 | D:5      | Reached skill level 5 in Armour
  4177 | D:5      | Reached XP level 8. HP: 49/49 MP: 8/8
  4178 | D:5      | Killed Dowan
  5192 | D:6      | Reached skill level 7 in Axes
  5366 | D:6      | Reached skill level 1 in Shields
  5366 | D:6      | Reached XP level 9. HP: 49/54 MP: 9/9
  5529 | D:7      | Noticed Joseph
  5556 | D:7      | Killed Joseph
  5947 | D:7      | Found a white marble altar of Elyvilon.
  5978 | D:7      | Reached skill level 1 in Throwing
  5985 | D:7      | Reached skill level 8 in Axes
  6163 | D:7      | Found a staircase to the Ecumenical Temple.
  6211 | D:7      | Found a hazy altar of Hepliaklqana.
  6345 | D:8      | Identified the +1 leather armour of Gravitas {Regen+ Int+2
                  | SInv}
  6391 | D:8      | Found a snail-covered altar of Cheibriados.
  6409 | D:8      | Noticed a two-headed ogre
  6419 | D:8      | Killed a two-headed ogre
  6420 | D:8      | Reached skill level 5 in Dodging
  6420 | D:8      | Reached XP level 10. HP: 57/63 MP: 10/10
  6666 | D:8      | Noticed a cyclops
  6675 | D:8      | Reached skill level 9 in Axes
  6676 | D:8      | Noticed a manticore
  6686 | D:8      | Killed a cyclops
  6797 | D:8      | Reached *** piety under Trog
  6896 | D:8      | Noticed a two-headed ogre
  6904 | D:8      | Killed a two-headed ogre
  7053 | D:8      | Identified the +5 glaive "Yntel" {heavy, rN+ Str+3}
  7153 | D:8      | Reached skill level 10 in Axes
  7174 | D:8      | Noticed a red ugly thing
  7182 | D:8      | Mangled by a red ugly thing

Illustrated notes

Levels and vault maps discovered:
D:1:      dpeg_arrival_castle, layout_basic, nicolae_figureground_sparkle
D:2:      layout_basic, serial_shops, shop, serial_co_window_serial,
          co_window_of_opportunity_a, co_window_corner_a,
          co_window_of_opportunity_a, co_window_paths_a, co_window_paths_b,
          co_window_corner_a, co_window_paths_a, co_window_corner_b,
          co_window_unsneaky_path_e, co_window_corner_b, co_window_4corner_b,
          shapermc_ecumenical_altar_starsandcircs, basic_altar,
          minmay_worlds_worst_comb, uniq_crazy_yiuf_cottage
D:3:      layout_basic, mainiacjoe_overflow_alcove_4, chequers_arboretum,
          eino_tiny_chamber, uniq_sigmund
D:4:      nicolae_cairo_tiling_large, layout_loops_corners, grunt_tough_drop
D:5:      layout_gridville, uniq_duvessa
D:6:      layout_basic, serial_corexii_hall, corexii_hall_statues_i,
          chequers_hall_statues_wall_a, kennysheep_generic_room_12
D:7:      layout_cave_pools, nicolae_elyvilon_peaceful_grove,
          nzn_hepliaklqana_mist_gate, minmay_temple_entry_junction_2,
          uniq_joseph
D:8:      layout_basic, overflow_temple_1_default,
          nicolae_overflow_two_pavilions, nicolae_overflow_crystal_walls,
          nicolae_doodle_vault

Skill      XL: |  1  2  3  4  5  6  7  8  9 10 |
---------------+-------------------------------+-----
Dodging        | 2 3 4 5 |  5.5
Axes           | 3 4 5 6 7 8 10 | 10.0
Fighting       | 4 5 7 |  7.9
Armour         | 3 4 5 6 7 |  7.9
Stealth        | 1 2 |  2.6
Shields        | 1 3 |  3.6
Throwing       | 1 |  1.0

Action                     |  1- 3 |  4- 6 |  7- 9 | 10-12 || total
---------------------------+-------+-------+-------+-------++-------
  Melee: Hand axe          |   187 |   104 |   432 |       ||   723
         Bite              |     4 |    13 |    54 |     9 ||    80
         Punch             |     1 |     4 |     1 |       ||     6
         War axe           |       |       |     8 |    78 ||    86
  Throw: Dart              |       |       |     9 |       ||     9
 Invoke: Berserk           |       |     3 |    13 |     4 ||    20
         Trog's Hand       |       |     1 |    10 |     6 ||    17
    Use: Scroll            |     4 |     6 |     4 |     2 ||    16
         Potion            |     1 |       |     1 |       ||     2
   Stab: Sleeping          |       |       |     1 |       ||     1
 Armour: Animal skin       |    25 |       |       |       ||    25
         Scale mail        |    99 |    79 |   441 |   102 ||   721
  Dodge: Dodged            |   148 |    63 |   257 |    53 ||   521
  Block: Buckler           |       |       |    58 |    19 ||    77

Table legend: (Time is in decaauts)
 A = Elapsed time spent in this place.
 B = Non-inter-level travel time spent in this place.
 C = Inter-level travel time spent in this place.
 D = Time resting spent in this place.
 E = Time spent auto-exploring this place.
 F = Levels seen in this place.
 G = Mean time per level.
                   A        B        C        D        E       F      G
               +--------+--------+--------+--------+--------+-----+--------+
         Total |   7494 |   7327 |    167 |    432 |   4812 |   8 |  936.8 |
       Dungeon |   7494 |   7327 |    167 |    432 |   4812 |   8 |  936.8 |
               +--------+--------+--------+--------+--------+-----+--------+

Top non-repeatable levels by time:
     D:4: 1105 daAuts
     D:2: 1086 daAuts
     D:7: 1018 daAuts
     D:3: 932 daAuts
     D:5: 923 daAuts
     D:8: 855 daAuts
     D:1: 790 daAuts
     D:6: 782 daAuts
